 Dungeon Crawl Stone Soup version 0.21-a0-140-g479285b (webtiles) character file.

942 kuniqs the Firebug (level 7, -9/50 HPs)
             Began as a Centaur Fire Elementalist on July 19, 2017.
             Shot with an arrow by a centaur (15 damage)
             ... on level 4 of the Dungeon on July 20, 2017.
             The game lasted 00:10:28 (5214 turns).

kuniqs the Firebug (Centaur Fire Elementalist)      Turns: 5214, Time: 00:10:29

Health: -9/50      AC:  5    Str: 11    XL:     7   Next: 88%
Magic:  8/10       EV:  9    Int: 16    God:
Gold:   252        SH:  0    Dex:  9    Spells: 2/10 levels left

rFire    + . .     SeeInvis .   x - +0 trident (vamp)
rCold    + . .     Gourm    .   (no shield)
rNeg     . . .     Faith    .   a - +0 robe
rPois    .         Spirit   .   f - +0 helmet
rElec    .         Reflect  .   y - scarf {cloud immunity}
rCorr    .         Harm     .   (no gloves)
MR       .....                  (no barding)
Stlth    +.........             (no amulet)
HPRegen  0.16/turn              p - ring of protection from fire
MPRegen  0.12/turn              k - ring of protection from cold

@: very quick
A: hooves 3, deformed body, speed 2, tough skin 3
a: no special abilities


You were on level 4 of the Dungeon.
You were not hungry.

You visited 1 branch of the dungeon, and saw 5 of its levels.

You collected 252 gold pieces.

Inventory:

Hand Weapons
 x - a +0 vampiric trident (weapon)
Missiles
 v - 66 arrows
Armour
 a - a +0 robe (worn)
 f - a +0 helmet (worn)
 y - a scarf of cloud immunity (worn)
Jewellery
 k - a ring of protection from cold (right hand)
 p - a ring of protection from fire (left hand)
Wands
 s - a wand of confusion (12/48)
Scrolls
 c - 4 scrolls of remove curse {unknown}
 g - 3 scrolls of identify {unknown}
 h - a scroll of magic mapping {unknown}
 j - 2 scrolls of enchant armour {unknown}
 l - a scroll of noise {unknown}
 m - a scroll of amnesia {unknown}
 n - a scroll of enchant weapon {unknown}
 o - 3 scrolls of teleportation {unknown}
Potions
 i - 3 potions of flight {unknown}
 q - a potion of ambrosia {unknown}
 r - a potion of haste {unknown}
 t - a potion of resistance {unknown}
 u - 2 potions of berserk rage {unknown}
 w - a potion of invisibility {unknown}
 z - a potion of curing {unknown}
 A - a potion of magic {unknown}
 B - 2 potions of might {unknown}
Books
 b - a book of Flames

   Spells                             Type                      Level
   a - Flame Tongue                   Conjuration/Fire             1
   b - Throw Flame                    Conjuration/Fire             2
   c - Conjure Flame                  Conjuration/Fire             3
   d - Inner Flame                    Hexes/Fire                   3
   e - Sticky Flame                   Conjuration/Fire             4
   f - Fireball                       Conjuration/Fire             5
Comestibles
 d - 5 bread rations
 e - 3 meat rations


   Skills:
 - Level 1.3 Dodging
 - Level 1.1 Stealth
 - Level 2.3 Spellcasting
 + Level 5.6 Conjurations
 + Level 6.2 Fire Magic


You had 2 spell levels left.
You knew the following spells:

 Your Spells              Type           Power        Failure   Level  Hunger
a - Flame Tongue          Conj/Fire      ###..        1%          1    #......
b - Throw Flame           Conj/Fire      ###...       2%          2    ###....
c - Conjure Flame         Conj/Fire      ###.....     5%          3    ###....
d - Searing Ray           Conj           ###...       3%          2    ###....


Dungeon Overview and Level Annotations

Branches:
Dungeon (5/15)
 Temple: D:4-7

Altars:
Fedhas
Qazlal
Trog
Uskayaw

Annotations:
D:5 Prince Ribbit


Innate Abilities, Weirdness & Mutations

You have hooves in place of feet.
Armour fits poorly on your strangely shaped body.
You cover ground very quickly.
You have extremely tough skin. (AC +3)


Message History

Okay, then.
You feel sick.
You feel sick.
You feel sick.
Things that are here:
a leather armour; a flail of protection You feel sick.
You feel sick.
You are no longer poisoned.
A ball python and a centaur come into view.
The centaur shouts!
The centaur wields a shortbow.
The centaur shoots an arrow.
The arrow completely misses you.
You see here an arrow.
The ball python hisses angrily.
The centaur shoots an arrow.
The arrow hits you.
* * * LOW HITPOINT WARNING * * *
You see here an arrow.
The centaur shoots an arrow.
The arrow hits you!
You die...

##...##........#..........#.#....
.....##...................#.#....
......#...................#.###.#
..........................#'###.#
#...................S........##.#
.................................
..........##.....................
.......[..)[..cS.(...##..........
........<.......@....##..........
.....................##.....).)..
.....................##......)...
.....................##........).
.....................##..........
###'###..............##..........
###.###...###############........
.......#### ###.####. ########
###########.# #.


You could see a water moccasin, a centaur and a ball python.

Vanquished Creatures
  Edmund (D:4)
  2 eyes of draining (D:4)
  A howler monkey (D:5)
  4 hounds (D:4)
  3 orc priests
  2 iguanas (D:5)
  An orc wizard (D:4)
  5 worker ants
  2 gnolls
  10 adders
  6 worms (D:2)
  A leopard gecko (D:1)
  9 orcs (D:4)
  A ball python (D:1)
  4 bats
  5 giant cockroaches
  8 goblins
  4 hobgoblins
  10 jackals
  5 kobolds
  A quokka (D:2)
  3 frilled lizards
  A quokka skeleton (D:4)
  7 rats
96 creatures vanquished.

Notes
Turn   | Place    | Note
-------+----------+-------------------------------------------
     0 | D:1      | kuniqs the Centaur Fire Elementalist began the quest for the Orb.
     0 | D:1      | Reached XP level 1. HP: 14/14 MP: 3/3
    42 | D:1      | Reached skill level 1 in Conjurations
   274 | D:1      | Reached XP level 2. HP: 20/20 MP: 0/4
   398 | D:1      | Learned a level 2 spell: Throw Flame
   588 | D:1      | Reached skill level 3 in Fire Magic
   873 | D:2      | Reached XP level 3. HP: 19/26 MP: 0/5
  1274 | D:2      | Found a faded altar of an unknown god.
  1460 | D:2      | Reached XP level 4. HP: 33/33 MP: 4/7
  2197 | D:2      | Found a hide-covered altar of Uskayaw.
  2274 | D:2      | Learned a level 3 spell: Conjure Flame
  2326 | D:2      | Reached XP level 5. HP: 32/38 MP: 0/8
  2746 | D:3      | Found a blossoming altar of Fedhas.
  2798 | D:3      | Found a stormy altar of Qazlal.
  3107 | D:4      | Reached skill level 4 in Fire Magic
  3279 | D:4      | Reached XP level 6. HP: 23/45 MP: 0/9
  3573 | D:4      | Noticed Edmund
  3731 | D:4      | Killed Edmund
  3831 | D:4      | Reached skill level 5 in Fire Magic
  3984 | D:4      | Reached XP level 7. HP: 50/50 MP: 2/10
  4177 | D:4      | Reached skill level 5 in Conjurations
  4260 | D:4      | Found a bloodstained altar of Trog.
  4577 | D:5      | Entered Level 5 of the Dungeon
  4657 | D:5      | Reached skill level 6 in Fire Magic
  5027 | D:5      | Learned a level 2 spell: Searing Ray
  5106 | D:5      | Noticed Prince Ribbit
  5214 | D:4      | Shot with an arrow by a centaur

Vault maps used:
D:1:      ncdulo_smallfort
D:2:      marbit_many_paths, chequers_ecumenical_altar_simple_redux,
          first_bread, kennysheep_nondescript
D:3:      overflow_temple_1_default, nicolae_qazlal_eye_of_the_storm
D:4:      trog_eyes_of_draining, uniq_edmund
D:5:      serial_shops, shop, nicolae_tso_swordbearing_angel, uniq_grinder,
          uniq_prince_ribbit1

Skill      XL: |  1  2  3  4  5  6  7 |
---------------+----------------------+-----
Conjurations   | 1 2 3 4 5 |  5.6
Fire Magic     | 3 4 5 6 |  6.2
Spellcasting   | 2 |  2.3
Dodging        | |  1.3
Stealth        | |  1.1

Action                   |  1- 3 |  4- 6 |  7- 9 || total
-------------------------+-------+-------+-------++-------
Melee: Dagger            |    15 |    40 |       ||    55
       Kick              |     2 |     9 |    11 ||    22
       Trident           |       |    34 |    29 ||    63
 Cast: Flame Tongue      |    66 |   126 |    57 ||   249
       Throw Flame       |       |     2 |       ||     2
  Eat: Chunk             |     3 |     8 |     4 ||    15
       Bread ration      |       |     1 |       ||     1
Armor: Robe              |     9 |    45 |    14 ||    68
Dodge: Dodged            |    17 |    49 |    20 ||    86
